 Dungeon Sprint DCSS version 0.20-a0-1127-g1289703 (webtiles) character file.

31199 potatolord6000 the Warrior (level 13, -2/120 HPs)
             Began as a Demonspawn Gladiator on May 18, 2017.
             Was an Initiate of Gozag.
             Killed from afar by a nagaraja (11 damage)
             ... with an orb of energy
             ... in the Dungeon (Sprint IX: "|||||||||||||||||||||||||||||").
             The game lasted 00:11:54 (2000 turns).

potatolord6000 the Warrior (Demonspawn Gladiator)   Turns: 2000, Time: 00:11:54

Health: -2/120     AC: 20    Str: 31    XL:     13   Next: 24%
Magic:  0/13       EV: 31    Int: 21    God:    Gozag
Gold:   1312       SH:  0    Dex: 26    Spells: 12/12 levels left

rFire    . . .     SeeInvis .   m - +2 lajatang
rCold    . . .     Gourm    .   (shield currently unavailable)
rNeg     + . .     Faith    .   c - +4 robe of Augmentation {Str+4 Int+4 Dex+4}
rPois    .         Spirit   +   x - +2 hat of the Bear Spirit {Spirit, +Rage rN+ MR++}
rElec    .         Reflect  .   y - +0 cloak "Tovvafui" {Dex+3}
rCorr    +         Harm     .   b - +1 pair of gloves "Ocviecse" {rCorr Int+3}
MR       ++...     NoTele   +   t - +2 pair of boots {Fly}
Stlth    +++.......             (no amulet)
Regen    3.3/turn               n - +3 ring of strength
MPRegen  0.2/turn               o - +3 ring of intelligence

@: mighty, agile, lethally poisoned (-2 -> -2), gold aura, flying, constricted
A: horns 2, icy blue scales 2, powered by death 2, powered by pain 2
a: Potion Petition, Call Merchant, Bribe Branch, Renounce Religion, Evoke
Berserk Rage, Stop Flying


You were in the Dungeon.
You worshipped Gozag.
Gozag was most pleased with you.
You were not hungry.

You visited 1 branch You collected 11304 gold pieces.
You spent 2316 gold pieces at shops.
You paid 7676 gold pieces to Gozag.

Inventory:

Hand Weapons
 m - a +2 lajatang (weapon)
Armour
 b - the +1 pair of gloves "Ocviecse" (worn) {rCorr Int+3}
   (You bought it in a shop in the Dungeon)

   It affects your intelligence (+3).
   It protects you from acid and corrosion.
 c - the +4 robe of Augmentation (worn) {Str+4 Int+4 Dex+4}
   (You bought it in a shop in the Dungeon)

   It affects your strength (+4).
   It affects your intelligence (+4).
   It affects your dexterity (+4).
 t - a +2 pair of boots of flying (worn)
 x - the +2 hat of the Bear Spirit (worn) {Spirit, +Rage rN+ MR++}
   (You bought it in a shop in the Dungeon)

   It protects you from negative energy.
   It affects your resistance to hostile enchantments.
   It lets you go berserk.
 y - the +0 cloak "Tovvafui" (worn) {Dex+3}
   (You bought it in a shop in the Dungeon)

   It affects your dexterity (+3).
Jewellery
 n - a +3 ring of strength (left hand)
 o - a +3 ring of intelligence (right hand)
Scrolls
 h - 5 scrolls of remove curse
 k - 2 scrolls of blinking
 l - 2 scrolls of amnesia
 p - 3 scrolls of enchant armour
 q - a scroll of fear
Potions
 d - 4 potions of brilliance
 e - 7 potions of curing
 g - 2 potions of heal wounds
 i - 4 potions of magic
 r - a potion of flight
 u - a potion of agility
 v - a potion of might
 w - a potion of berserk rage
Comestibles
 f - 13 bread rations
 j - 11 meat rations
 s - 44 fruits


   Skills:
 + Level 17.2 Fighting
 + Level 16.2 Staves
 - Level 1.7 Throwing
 + Level 15.9 Armour
 + Level 16.2 Dodging


You had 12 spell levels left.
You didn't know any spells.

Dungeon Overview and Level Annotations

Branches:
Dungeon (1/1)

Altars:
Cheibriados
Dithmenos
Elyvilon
Fedhas
Gozag
Hepliaklqana
Kikubaaqudgha
Makhleb
Nemelex Xobeh
Okawaru
Qazlal
Ru
Sif Muna
Trog
Uskayaw
Vehumet
Wu Jian
Xom
Yredelemnul
Zin
The Shining One
Beogh
Jiyva
Lugonu

Shops:
D ([![[[}([::


Innate Abilities, Weirdness & Mutations

You have a pair of horns on your head.
You are mostly covered in icy blue scales. (AC +3)
You regenerate health from kills.
You sometimes gain power by taking damage.


Message History

81 gold pieces; a bolt You completely miss the nagaraja.
You feel sick. The nagaraja hits you with a halberd!!
* * * LOW HITPOINT WARNING * * *
The nagaraja grabs you. The nagaraja constricts you.
You slice the nagaraja!!
The nagaraja is moderately wounded.
You feel sick. The nagaraja spits poison at you. The splash of poison hits you!
You are more poisoned.
* * * LOW HITPOINT WARNING * * *
The nagaraja constricts you.
You slash the nagaraja!
The nagaraja is heavily wounded.
You feel sick. The nagaraja casts a spell at you. The orb of energy hits you!
You die...
Your body crumbles into a pile of gold.

♣♣▓▓▓▓▓▓▓▓▓▓▓▓▓▓▓▓▓▓▓▓▓
..'.........'$$$@NNN..+
♣♣▓▓▓▓▓▓▓▓▓▓▓▓▓▓▓▓▓▓▓▓▓▓▓▓▓▓▓▓▓▓▓
.................................
▓▓▓▓▓▓▓▓▓▓▓▓▓▓▓▓▓▓▓▓▓▓▓▓▓▓▓▓▓▓▓▓▓
.[[[[[[[[.!........'..[).().∩....
▓▓▓▓▓▓▓▓▓▓▓▓▓▓▓▓▓▓▓▓▓▓▓▓▓▓▓▓▓▓▓▓▓
.................................
▓▓▓▓▓▓▓▓▓▓▓▓▓▓▓▓▓▓▓▓▓▓▓▓▓▓▓▓▓▓▓▓▓
.∩..[[.[[[[[.....[[)[[[∩.∩)∩.∩)..


You could see a naga warrior, a nagaraja and a naga sharpshooter.

Vanquished Creatures
  A stone giant (D)
  2 spark wasps (D)
  Erolcha (D)
  2 ice dragons (D)
  3 naga warriors (D)
  A centaur warrior (D)
  A deep troll earth mage (D)
  2 two-headed ogres (D)
  An anaconda (D)
  A tengu warrior (D)
  An alligator (D)
  7 orc high priests (D)
  2 swamp dragons (D)
  An orb spider (D)
  7 orc knights (D)
  An ugly thing (D)
  A cyclops (D)
  A deep elf mage (D)
  2 wolf spiders (D)
  2 black mambas (D)
  A kobold demonologist (D)
  2 rime drakes (D)
  3 spiny frogs (D)
  2 demonic crawlers (D)
  2 jumping spiders (D)
  6 polar bears (D)
  A slime creature (D)
  A blink frog (D)
  2 hornets (D)
  A spriggan (D)
  2 yaks (D)
  2 tarantellas (D)
  2 basilisks (D)
  Grum (D)
  An acid dragon (D)
  A porcupine (D)
  5 water moccasins (D)
  10 orc warriors (D)
  A swamp drake (D)
  An ice beast (D)
  2 sky beasts (D)
  2 black bears (D)
  4 wolves (D)
  A centaur (D)
  A crocodile (D)
  4 bullfrogs (D)
  A killer bee (D)
  2 orc priests (D)
  A jelly (D)
  6 orc wizards (D)
  A worker ant (D)
  A gnoll (D)
  A shadow imp (D)
  An ooze (D)
  An adder skeleton (D)
  9 orcs (D)
  A hobgoblin (D)
  A jackal (D)
  A giant cockroach zombie (D)
  3 goblins (D)
131 creatures vanquished.

Notes
Turn   | Place    | Note
-------+----------+-------------------------------------------
     0 | D        | potatolord6000 the Demonspawn Gladiator began the quest for the Orb.
     0 | D        | Reached XP level 1. HP: 16/16 MP: 1/1
    12 | D        | Reached skill level 1 in Armour
    14 | D        | Gained mutation: You are partially covered in icy blue scales. (AC +2) [demonic ancestry]
    14 | D        | Reached XP level 2. HP: 21/23 MP: 2/2
    21 | D        | Noticed a centaur
    28 | D        | Reached skill level 3 in Fighting
    31 | D        | Gained mutation: You are mostly covered in icy blue scales. (AC +3) [demonic ancestry]
    31 | D        | Reached XP level 3. HP: 18/30 MP: 3/3
    38 | D        | Reached skill level 4 in Fighting
    38 | D        | Reached XP level 4. HP: 22/37 MP: 4/4
    47 | D        | Killed a centaur
    47 | D        | Reached skill level 5 in Fighting
    47 | D        | Reached skill level 5 in Staves
    47 | D        | Reached skill level 5 in Dodging
    47 | D        | Gained mutation: You regenerate a little health from kills. [demonic ancestry]
    47 | D        | Reached XP level 5. HP: 13/44 MP: 5/5
    52 | D        | Found a roughly hewn altar of Beogh.
    52 | D        | Found a snail-covered altar of Cheibriados.
    52 | D        | Found a shadowy altar of Dithmenos.
    52 | D        | Found a white marble altar of Elyvilon.
    52 | D        | Found a blossoming altar of Fedhas.
    52 | D        | Found an opulent altar of Gozag.
    53 | D        | Found a hazy altar of Hepliaklqana.
    54 | D        | Found a viscous altar of Jiyva.
    55 | D        | Found an ancient bone altar of Kikubaaqudgha.
    56 | D        | Found a corrupted altar of Lugonu.
    57 | D        | Found a burning altar of Makhleb.
    58 | D        | Found a sparkling altar of Nemelex Xobeh.
    59 | D        | Found an iron altar of Okawaru.
    60 | D        | Became a worshipper of Gozag Ym Sagoz the Greedy
    61 | D        | Found a stormy altar of Qazlal.
    62 | D        | Found a sacrificial altar of Ru.
    63 | D        | Found a deep blue altar of Sif Muna.
    64 | D        | Found a bloodstained altar of Trog.
    65 | D        | Found a hide-covered altar of Uskayaw.
    66 | D        | Found a radiant altar of Vehumet.
    67 | D        | Found an ornate altar of the Wu Jian Council.
    68 | D        | Found a shimmering altar of Xom.
    69 | D        | Found a basalt altar of Yredelemnul.
    70 | D        | Found a glowing silver altar of Zin.
    71 | D        | Found a glowing golden altar of the Shining One.
   276 | D        | Noticed a two-headed ogre
   286 | D        | Killed a two-headed ogre
   286 | D        | Reached skill level 8 in Fighting
   286 | D        | Gained mutation: You have a pair of small horns on your head. [demonic ancestry]
   286 | D        | Reached XP level 6. HP: 57/57 MP: 6/6
   286 | D        | Gained mutation: You sometimes gain a little power by taking damage. [demonic ancestry]
   286 | D        | Reached XP level 7. HP: 63/63 MP: 7/7
   322 | D        | Noticed a tengu warrior
   322 | D        | Noticed a centaur warrior
   322 | D        | Noticed a cyclops
   341 | D        | Killed a tengu warrior
   341 | D        | Reached skill level 9 in Fighting
   341 | D        | Gained mutation: You have a pair of horns on your head. [demonic ancestry]
   341 | D        | Reached XP level 8. HP: 23/72 MP: 8/8
   341 | D        | HP: 3/72 [centaur warrior/arrow (4)]
   347 | D        | Killed a centaur warrior
   347 | D        | Reached skill level 10 in Fighting
   347 | D        | Gained mutation: You regenerate health from kills. [demonic ancestry]
   347 | D        | Reached XP level 9. HP: 67/79 MP: 9/9
   354 | D        | Reached skill level 10 in Staves
   354 | D        | Reached skill level 10 in Dodging
   361 | D        | Killed a cyclops
   361 | D        | Reached skill level 10 in Armour
   498 | D        | Reached skill level 11 in Fighting
   503 | D        | Noticed a rime drake
   541 | D        | Killed a rime drake
   561 | D        | Bought the +4 robe of Augmentation {Str+4 Int+4 Dex+4} for 581 gold pieces
   577 | D        | Noticed a rime drake
   577 | D        | Noticed a spiny frog
   585 | D        | Killed a rime drake
   591 | D        | Killed a spiny frog
   591 | D        | Reached XP level 10. HP: 89/89 MP: 10/10
   601 | D        | Reached skill level 12 in Fighting
   647 | D        | Bought the +1 pair of gloves "Ocviecse" {rCorr Int+3} for 312 gold pieces
   742 | D        | Bought a faintly humming cloak for 247 gold pieces
   742 | D        | Identified the -5 cloak "Gejus" {MR+ Str+3 Int+3} (You bought it in a shop in the Dungeon)
   816 | D        | Noticed Grum
   827 | D        | Killed Grum
   889 | D        | Reached skill level 13 in Fighting
   966 | D        | Bought a +2 pair of boots of flying for 258 gold pieces
   985 | D        | Noticed an orc knight
  1001 | D        | Killed an orc knight
  1001 | D        | Reached XP level 11. HP: 96/98 MP: 11/11
  1066 | D        | Found Weleple's Antique Armour Emporium.
  1066 | D        | Noticed an orc high priest
  1066 | D        | Noticed an orc high priest
  1066 | D        | Noticed an orc knight
  1066 | D        | Noticed an orc high priest
  1066 | D        | Noticed an orc knight
  1069 | D        | Noticed an orc knight
  1073 | D        | Killed an orc high priest
  1078 | D        | Killed an orc high priest
  1087 | D        | Killed an orc knight
  1088 | D        | Noticed an orc knight
  1088 | D        | Found Paneeth's Gadget Shoppe.
  1091 | D        | Noticed an orc knight
  1091 | D        | Killed an orc high priest
  1091 | D        | Reached skill level 14 in Fighting
  1096 | D        | Noticed an orc high priest
  1096 | D        | Killed an orc knight
  1097 | D        | Noticed a sun demon
  1097 | D        | Found Jocsaqits's Antique Weapon Emporium.
  1097 | D        | Noticed an orc high priest
  1100 | D        | Noticed an orc knight
  1106 | D        | Killed an orc knight
  1111 | D        | Noticed an orc high priest
  1113 | D        | HP: 1/100 [orc knight/battleaxe (39)]
  1120 | D        | Killed an orc knight
  1121 | D        | Found Pighups's Book Shoppe.
  1121 | D        | Noticed a sun demon
  1127 | D        | Killed an orc knight
  1135 | D        | Killed an orc high priest
  1142 | D        | Killed an orc high priest
  1145 | D        | Killed an orc knight
  1151 | D        | Killed an orc high priest
  1154 | D        | Noticed an orc high priest
  1159 | D        | Killed an orc high priest
  1242 | D        | Bought a potion of heal wounds for 55 gold pieces
  1242 | D        | Bought a potion of heal wounds for 55 gold pieces
  1414 | D        | Noticed a deep elf mage
  1416 | D        | Reached skill level 15 in Fighting
  1421 | D        | Noticed a two-headed ogre
  1428 | D        | Noticed a white ugly thing
  1430 | D        | Gained mutation: You sometimes gain power by taking damage. [demonic ancestry]
  1430 | D        | Reached XP level 12. HP: 109/109 MP: 12/12
  1434 | D        | Noticed a stone giant
  1439 | D        | Noticed an ice dragon
  1443 | D        | Noticed a spark wasp
  1448 | D        | Killed a two-headed ogre
  1449 | D        | Noticed a deep troll earth mage
  1453 | D        | Noticed a spark wasp
  1458 | D        | Killed a stone giant
  1460 | D        | Noticed an ice dragon
  1471 | D        | Killed an ice dragon
  1478 | D        | Killed a spark wasp
  1484 | D        | Killed a deep troll earth mage
  1489 | D        | Killed a spark wasp
  1489 | D        | Reached skill level 15 in Staves
  1489 | D        | Reached skill level 15 in Dodging
  1494 | D        | Killed an ice dragon
  1494 | D        | Reached skill level 16 in Fighting
  1530 | D        | Bought the +2 hat of the Bear Spirit {Spirit, +Rage rN+ MR++} for 586 gold pieces
  1530 | D        | Bought the cursed +0 cloak "Tovvafui" {Dex+3} for 222 gold pieces
  1707 | D        | Noticed Erolcha
  1714 | D        | Killed Erolcha
  1810 | D        | Noticed an alligator
  1816 | D        | Killed an alligator
  1816 | D        | Reached skill level 15 in Armour
  1911 | D        | Reached XP level 13. HP: 89/119 MP: 9/13
  1980 | D        | Reached skill level 17 in Fighting
  1984 | D        | Noticed a nagaraja
  2000 | D        | Killed from afar by a nagaraja

Vault maps used:
D:        linesprint

Skill      XL: |  1  2  3  4  5  6  7  8  9 10 11 12 13 |
---------------+----------------------------------------+-----
Staves         | 3 4 5 7 9 11 12 14 15 16 | 16.2
Armour         | 1 2 3 4 7 8 9 10 12 13 15 | 15.9
Dodging        | 3 4 5 7 9 11 12 14 15 16 | 16.2
Fighting       | 3 4 5 8 9 10 11 13 15 16 17 | 17.2
Throwing       | |  1.7

Action                   |  1- 3 |  4- 6 |  7- 9 | 10-12 | 13-15 || total
-------------------------+-------+-------+-------+-------+-------++-------
Melee: Quarterstaff      |    25 |     8 |       |       |       ||    33
       Lajatang          |       |     7 |   104 |   343 |    46 ||   500
       Headbutt          |       |       |    21 |   118 |    20 ||   159
Invok: Call Merchant     |       |       |     2 |     5 |       ||     7
       Potion Petition   |       |       |       |     1 |       ||     1
  Use: Potion            |     1 |     2 |     3 |     5 |       ||    11
       Scroll            |       |       |     5 |     4 |       ||     9
 Stab: Distracted        |       |       |       |     4 |       ||     4
  Eat: Meat ration       |       |       |       |     1 |       ||     1
Armor: Leather armour    |     3 |     2 |    22 |       |       ||    27
       Robe              |       |       |     3 |    54 |     9 ||    66
Dodge: Dodged            |    12 |    12 |    74 |   238 |    35 ||   371
